Description

2 Reapers, 1 Cyclone, 1 Tank, 2 Ravens into 2x Viking production with 3/1/1 bio follow up.

Replay - HeRoMaRinE v Maru: Game 1 - Romanticide LE

Build Order

Get SALT Encoding   

  12  0:00  SCV  
  13  0:12  SCV  
  14  0:16  Supply Depot  
  14  0:24  SCV  
  15  0:38  SCV  
  15  0:39  Barracks  
  16  0:43  Refinery  
  16  0:50  SCV  
  16  0:53  Refinery  
  17  1:02  SCV  
  18  1:14  SCV  
  19  1:26  Reaper  
  19  1:27  Orbital Command  
  19  1:29  Supply Depot  
  20  1:43  Factory  
  20  1:52  SCV  
  21  1:58  Reaper  
  22  2:04  SCV  
  23  2:16  SCV  
  24  2:25  Command Center  
  24  2:27  Factory Tech Lab  
  25  2:31  Barracks Reactor  
  26  2:46  Cyclone  
  26  2:48  Supply Depot  
  29  2:58  Starport  
  29  3:14  Marine x2  
  29  3:18  Siege Tank  
  35  3:31  Marine x2  
  38  3:36  Orbital Command  
  38  3:38  Starport Tech Lab  
  38  3:40  Refinery  
  39  3:54  Marine x2  
  41  3:58  Raven  
  45  4:04  Supply Depot  
  46  4:11  Marine x2  
  50  4:25  Command Center  
  50  4:31  Siege Tank  
  53  4:38  Supply Depot  
  55  4:42  Raven  
  55  4:44  Marine x2  
  61  4:55  Refinery  
  63  5:03  Siege Tank  
  70  5:35  Siege Tank  
  74  5:38  Orbital Command  
  74  5:41  Viking x2  
  79  5:48  Stimpack  
  85  6:05  Barracks x2  
  85  6:10  Engineering Bay x2  
  85  6:24  Siege Tank  
  90  6:31  Orbital Command  
  93  6:43  Terran Infantry Weapons Level 1, Terran Infantry Armor Level 1  
  90  6:56  Barracks Reactor x2  
  92  7:03  Siege Tank  
  92  7:04  Viking x2  
  101  7:22  Barracks x2  
  101  7:26  Refinery x2  
  104  7:31  Combat Shield  
  104  7:37  Viking x2  
  111  7:46  Armory  
  111  7:50  Siege Tank  
  120  8:07  Medivac x2  
  120  8:10  Barracks Reactor x2  
  129  8:17  Sensor Tower, Command Center  
  130  8:28  Missile Turret x3  
  130  8:30  Siege Tank  
  130  8:33  Factory  
  136  8:43  Terran Infantry Armor Level 2, Terran Infantry Weapons Level 2  
  136  8:49  Terran Vehicle Weapons Level 1  
  144  9:04  Siege Tank  
  144  9:06  Medivac x2  
  155  9:17  Barracks Reactor  
  155  9:23  Sensor Tower  
  156  9:35  Viking x2  
  165  9:47  Siege Tank, Missile Turret x2  
  165  9:49  Refinery x2, Starport x2  
  174  9:57  Planetary Fortress  
Spawning Tool Build Advisor. Get it on Overwolf

Go to:

Details

  • Created by: Zarmoxis
  • Published on: Apr 02, 2021
  • Modified on: Apr 02, 2021
  • Patch: 4.11.0
  • Difficulty: Hard
Show
View Real Time Build Order
Export as new Build Order

Comments (0)

There are no comments. Be the first!

Create an account to comment!